[Event "Titled Tuesday Blitz August 1 Late 2023"]
[White "Maksimovic, Bojan"]
[Black "Wu, Rochelle"]
[WhiteFideId "14408120"]
[BlackFideId "30908132"]
[WhiteElo "2859"]
[BlackElo "2618"]
[Result "0-1"]
[Round "4"]
[TimeControl "180+1"]
[Date "2023.08.01"]
[WhiteClock "0:00:00"]
[BlackClock "0:00:09"]
[Board "17"]

1. Nf3 d5 2. g3 Nf6 3. Bg2 c6 4. O-O Bg4 5. d3 Nbd7 6. Nbd2 e5 7. e4 dxe4 8. dxe4 Bc5 9. h3 Bh5 10. c3 O-O 11. Qc2 Re8 12. b4 Bb6 13. Nc4 Bc7 14. Rd1 Qe7 15. a4 Rad8 16. Ba3 Qe6 17. Ng5 Bxd1 18. Rxd1 Qe7 19. Ne3 Nf8 20. Ra1 Qd7 21. h4 Qd3 22. Qb3 Ne6 23. Bf1 Qd7 24. Rd1 Qc8 25. Rxd8 Rxd8 26. Bc4 Nxg5 27. hxg5 Nxe4 28. Bxf7+ Kh8 29. Be6 Qb8 30. g6 Bb6 31. Qc4 Nf6 32. Bc1 Qd6 33. a5 Bc7 34. gxh7 Qd3 35. Qxd3 Rxd3 36. c4 Rb3 37. Bd2 Ne4 38. Be1 Rb1 39. Kf1 Bd6 40. c5 Be7 41. Ke2 Bg5 42. Nc4 Rc1 43. Nd6 Nxd6 44. cxd6 b6 45. a6 Ra1 46. Bc3 Rxa6 47. Bxe5 Bd8 48. Bg8 Ra3 49. g4 Ra4 0-1


[Site "https://www.chess.com"]

[Event "Titled Tuesday Blitz August 1 Late 2023"]
[White "Romero Pallares, Daniel"]
[Black "Grigoriants, Sergey"]
[WhiteFideId "32025637"]
[BlackFideId "4130804"]
[WhiteElo "2516"]
[BlackElo "2845"]
[Result "0-1"]
[Round "4"]
[TimeControl "180+1"]
[Date "2023.08.01"]
[WhiteClock "0:00:02"]
[BlackClock "0:00:14"]
[Board "18"]

1. d4 Nf6 2. Nc3 d5 3. Bf4 Bf5 4. f3 e6 5. g4 Bg6 6. h4 h6 7. h5 Bh7 8. e3 c5 9. Nb5 Na6 10. c3 Be7 11. a4 O-O 12. Bd3 Bxd3 13. Qxd3 Ne8 14. Ne2 Nac7 15. Kf2 a6 16. Nxc7 Nxc7 17. Be5 Ne8 18. b3 Rc8 19. Rag1 c4 20. Qb1 Qd7 21. Qa2 cxb3 22. Qxb3 Rc4 23. Ra1 Nd6 24. Rhb1 Rfc8 25. Bxd6 Qxd6 26. Kg2 R8c7 27. Qb6 Qd7 28. a5 Bg5 29. f4 Bd8 30. Qb3 e5 31. fxe5 Qxg4+ 32. Kf1 Bh4 33. Ng1 Rxc3 34. Qxd5 Rc2 35. Qf3 Rf2+ 36. Qxf2 Bxf2 37. Kxf2 Rc2+ 38. Kf1 Qg2+ 0-1


[Site "https://www.chess.com"]

[Event "Titled Tuesday Blitz August 1 Late 2023"]
[White "Bortnyk, Olexandr"]
[Black "Tologon tegin, Semetei"]
[WhiteFideId "14120828"]
[BlackFideId "13800574"]
[WhiteElo "3065"]
[BlackElo "2603"]
[Result "1-0"]
[Round "4"]
[TimeControl "180+1"]
[Date "2023.08.01"]
[WhiteClock "0:00:46"]
[BlackClock "0:00:09"]
[Board "19"]

1. d4 Nf6 2. Nc3 c5 3. d5 d6 4. e4 g6 5. f4 Bg7 6. Nf3 O-O 7. e5 dxe5 8. fxe5 Ng4 9. Bf4 Nd7 10. Qe2 f6 11. e6 Nde5 12. O-O-O Nxf3 13. gxf3 Ne5 14. Be3 f5 15. Bxc5 Re8 16. Bd4 Qc7 17. Nb5 Qb8 18. Re1 a6 19. Bxe5 Bxe5 20. Qxe5 Qxe5 21. Rxe5 axb5 22. Bxb5 Rd8 23. a4 b6 24. b3 Rd6 25. c4 Bb7 26. h4 Kg7 27. f4 Kf6 28. Kb2 h6 29. Rg1 Rg8 30. Re2 g5 31. hxg5+ hxg5 32. Rh2 Rg6 33. fxg5+ Rxg5 34. Rxg5 Kxg5 35. Rh7 f4 36. Rxe7 Bc8 37. Bd7 Bxd7 38. Rxd7 f3 39. Rf7 Rd8 40. Rxf3 1-0


[Site "https://www.chess.com"]

[Event "Titled Tuesday Blitz August 1 Late 2023"]
[White "Volkov, Maksim"]
[Black "Aronian, Levon"]
[WhiteFideId "54123070"]
[BlackFideId "13300474"]
[WhiteElo "2693"]
[BlackElo "3048"]
[Result "1/2-1/2"]
[Round "4"]
[TimeControl "180+1"]
[Date "2023.08.01"]
[WhiteClock "0:00:06"]
[BlackClock "0:00:03"]
[Board "20"]

1. d4 Nf6 2. c4 g6 3. g3 Bg7 4. Bg2 O-O 5. Nc3 Nc6 6. Nf3 a6 7. O-O Rb8 8. d5 Na5 9. b3 b5 10. cxb5 axb5 11. Bb2 c5 12. dxc6 Nxc6 13. Nd5 Nxd5 14. Bxg7 Ne3 15. Qc1 Nxf1 16. Bxf8 Nxg3 17. hxg3 Qxf8 18. Qc5 e6 19. Qe3 d5 20. a4 bxa4 21. bxa4 Ba6 22. Ng5 Qe7 23. Rc1 Rc8 24. Bxd5 Na7 25. Rxc8+ Nxc8 26. Bf3 Nd6 27. Ne4 Nf5 28. Qc5 Qd8 29. e3 Qb8 30. Qc3 e5 31. Nc5 Qb1+ 32. Kh2 Qa2 33. Kg2 Bc4 34. Qxe5 Qb1 35. Ne4 h5 36. a5 Nxe3+ 37. fxe3 Qf1+ 38. Kh2 Qxf3 39. Nf6+ Kf8 40. Nd7+ Kg8 41. Qb2 Bd5 42. Nf6+ Kf8 43. Nxd5 Qxd5 44. a6 Qa5 45. Qb8+ Kg7 46. a7 Qd2+ 47. Kh3 Qd7+ 48. Kg2 Qd2+ 49. Kf3 Qd5+ 50. Ke2 Qc4+ 51. Kd2 Qa2+ 52. Kd3 Qd5+ 53. Kc3 Qc5+ 54. Kb3 Qxe3+ 55. Ka4 Qd4+ 56. Kb5 Qd5+ 57. Kb6 Qd4+ 58. Kc6 Qc4+ 59. Kd7 Qe6+ 60. Kd8 Qf6+ 61. Kc7 Qc3+ 62. Kd6 Qxg3+ 63. Ke7 Qe3+ 64. Kd7 Qd4+ 65. Kc8 Qg4+ 66. Kc7 Qc4+ 67. Kd6 Qd4+ 68. Kc6 Qc4+ 69. Kb6 Qb4+ 70. Kc7 Qc5+ 71. Kd8 Qd4+ 1/2-1/2


[Site "https://www.chess.com"]

[Event "Titled Tuesday Blitz August 1 Late 2023"]
[White "Kamsky, Gata"]
[Black "Vetoshko, Volodymyr"]
[WhiteFideId "2000024"]
[BlackFideId "14122480"]
[WhiteElo "3004"]
[BlackElo "2723"]
[Result "0-1"]
[Round "4"]
[TimeControl "180+1"]
[Date "2023.08.01"]
[WhiteClock "0:00:00"]
[BlackClock "0:00:03"]
[Board "21"]

1. d4 d5 2. Bf4 c5 3. e3 cxd4 4. exd4 Nc6 5. c3 Bf5 6. Nd2 e6 7. Qb3 Qc8 8. Ngf3 Nge7 9. Be2 Ng6 10. Bg3 h5 11. Nh4 Nxh4 12. Bxh4 Bd6 13. Bg3 Bc7 14. Bb5 h4 15. Bxc6+ bxc6 16. Bxc7 Qxc7 17. Qa3 f6 18. O-O-O Kf7 19. g3 a5 20. Qa4 c5 21. Nb3 cxd4 22. Nxd4 Be4 23. f3 Bg6 24. Rhe1 Ra6 25. f4 hxg3 26. hxg3 Rb6 27. f5 Bxf5 28. Nxf5 exf5 29. Rxd5 Kg6 30. g4 Rh2 31. gxf5+ Kh7 32. Rd2 Rxd2 33. Kxd2 Rxb2+ 34. Kd3 Qd6+ 35. Qd4 Qg3+ 36. Qe3 Qxe3+ 37. Rxe3 Rxa2 0-1


[Site "https://www.chess.com"]

[Event "Titled Tuesday Blitz August 1 Late 2023"]
[White "Ponikarovsky, Alexey"]
[Black "Xiong, Jeffery"]
[WhiteFideId "4122887"]
[BlackFideId "2047640"]
[WhiteElo "2687"]
[BlackElo "2987"]
[Result "0-1"]
[Round "4"]
[TimeControl "180+1"]
[Date "2023.08.01"]
[WhiteClock "0:01:17"]
[BlackClock "0:00:28"]
[Board "22"]

1. e4 c5 2. d4 cxd4 3. Nf3 d6 4. Bc4 Nf6 5. Qe2 Bg4 6. O-O Nc6 7. c3 e6 8. Rd1 Be7 9. cxd4 d5 10. exd5 Nxd5 11. Nc3 O-O 12. h3 Bh5 13. Be3 Nxe3 14. fxe3 Na5 15. Bd3 Rc8 16. Rac1 a6 17. a3 b5 18. Ne4 Qd5 19. Ng3 Bg6 20. Ne5 Bxd3 21. Nxd3 Nc4 22. Rc2 Bg5 23. Nf4 Bxf4 24. exf4 Nb6 25. Rcd2 Qd6 26. Qf2 Rfe8 27. f5 Nd5 28. Rf1 Nf6 29. fxe6 Qxe6 30. Rd3 Nd5 31. Nf5 f6 32. Rg3 g6 33. h4 Kh8 34. Nh6 Qe4 35. Nf7+ Kg7 36. Nd6 Qe6 37. Nxc8 Rxc8 38. Re1 Qd7 39. h5 Ne7 40. h6+ Kf7 41. Rd3 Qd5 42. Qe2 Nf5 43. Red1 Nxh6 44. Rh3 Kg7 45. Qe7+ Nf7 46. Rf3 Rc6 47. Qe3 Re6 48. Qf4 Nd6 49. Rdf1 g5 50. Qg4 Kg6 51. Rd3 h5 52. Qd1 Nf5 53. Qc2 Kg7 54. Rfd1 Ne3 55. Rxe3 Rxe3 56. Qc7+ Kg6 57. Qc2+ Qe4 58. Qd2 Re2 59. Qd3 Rxg2+ 60. Kf1 Qxd3+ 61. Rxd3 Rxb2 0-1


[Site "https://www.chess.com"]

[Event "Titled Tuesday Blitz August 1 Late 2023"]
[White "Tanriverdi, Enes"]
[Black "Terry, Renato"]
[WhiteFideId "34543279"]
[BlackFideId "3803457"]
[WhiteElo "2683"]
[BlackElo "2922"]
[Result "1-0"]
[Round "4"]
[TimeControl "180+1"]
[Date "2023.08.01"]
[WhiteClock "0:00:30"]
[BlackClock "0:00:00"]
[Board "23"]

1. Nf3 Nf6 2. g3 d5 3. Bg2 c6 4. O-O Bg4 5. c4 dxc4 6. Qc2 Qd5 7. b3 cxb3 8. axb3 Qh5 9. d4 Nbd7 10. Nc3 e6 11. Nh4 g5 12. Nf3 h6 13. Bb2 Be7 14. Ne5 Bh3 15. Nxd7 Kxd7 16. f3 Bxg2 17. Kxg2 Qg6 18. e4 Rhd8 19. Rad1 Ke8 20. Rfe1 Kf8 21. Na4 Kg8 22. Nc5 b6 23. Nd3 Rac8 24. Ne5 Qh7 25. Nxc6 Bf8 26. d5 Nxd5 27. Qf2 Rxc6 28. exd5 Rc2 29. Re2 Rxe2 30. Qxe2 Rxd5 31. Rxd5 exd5 32. Qe5 f5 33. Qxd5+ Qf7 34. Qd3 Kh7 35. h3 Kg6 36. g4 Qe6 37. Bd4 Qd5 38. Qe3 Kf7 39. Bb2 Bc5 40. Qc3 Ke8 41. b4 Be7 42. Qc8+ Kf7 43. Qc2 Bxb4 44. Qc7+ Be7 45. Be5 fxg4 46. hxg4 a5 47. Bg3 Qe6 48. Qa7 Kf6 49. Bf2 Kg6 50. Bd4 a4 51. Bxb6 Qe2+ 52. Bf2 Qc4 53. Qxe7 Qb3 54. Qd6+ Kh7 55. Bd4 Kg8 56. Qd7 1-0


[Site "https://www.chess.com"]

[Event "Titled Tuesday Blitz August 1 Late 2023"]
[White "Moral Garcia, Serafin"]
[Black "Harshavardhan G B"]
[WhiteFideId "2201925"]
[BlackFideId "25059009"]
[WhiteElo "2538"]
[BlackElo "2868"]
[Result "0-1"]
[Round "4"]
[TimeControl "180+1"]
[Date "2023.08.01"]
[WhiteClock "0:00:00"]
[BlackClock "0:00:15"]
[Board "24"]

1. e4 e5 2. Nf3 Nc6 3. Nc3 Nf6 4. Nxe5 Nxe5 5. d4 Ng6 6. e5 Ng8 7. Bc4 d6 8. Qf3 Be6 9. Qxb7 dxe5 10. Bb5+ Bd7 11. Bxd7+ Kxd7 12. dxe5 Rb8 13. Qxa7 Nxe5 14. Bf4 Bd6 15. Bxe5 Bxe5 16. O-O-O+ Bd6 17. Rxd6+ Kxd6 18. Rd1+ Ke6 19. Rxd8 Rxd8 20. Qxc7 Nf6 21. a4 Rd7 22. Qc4+ Ke7 23. b4 Ra8 24. a5 Raa7 25. a6 Rac7 26. Qe2+ Kd8 27. Nb5 Rc8 28. a7 Nd5 29. Qe4 h6 30. c4 f5 31. Qd4 Nxb4 32. Qb6+ Ke7 33. Kb2 Nc6 34. Qe3+ Kf7 35. Qc5 Nxa7 36. Qxf5+ Ke7 37. Nxa7 Rxc4 38. Nb5 Rc6 39. Nc3 Rb7+ 40. Kc2 Rbc7 41. Qe5+ Kf7 42. f4 Rc5 43. Qd4 Rc4 44. Qd5+ Kg6 45. Qe5 R7c5 46. Qe3 Kf5 47. Qd3+ Kxf4 48. Kd2 Rxc3 49. Qd4+ Kf5 50. Qxg7 Rc2+ 51. Kd3 Rc6 52. Qh7+ Kg5 53. Qg7+ Kf5 54. Ke3 R2c3+ 55. Kd4 R3c4+ 56. Kd3 R4c5 57. g4+ Kf4 58. h3 Rd5+ 59. Ke2 Re6+ 60. Kf2 Rd2+ 61. Kf1 Ree2 62. Qxh6+ Kg3 63. Qc6 Rf2+ 64. Ke1 Rde2+ 65. Kd1 Ra2 66. Qd6+ Kg2 67. Qd5+ Kg1 68. Qd4 Kh1 69. Qe4+ Rg2 0-1


[Site "https://www.chess.com"]

[Event "Titled Tuesday Blitz August 1 Late 2023"]
[White "Bochnicka, Vladimir"]
[Black "Rustemov, Alexander"]
[WhiteFideId "14943450"]
[BlackFideId "4119002"]
[WhiteElo "2505"]
[BlackElo "2841"]
[Result "0-1"]
[Round "4"]
[TimeControl "180+1"]
[Date "2023.08.01"]
[WhiteClock "0:01:33"]
[BlackClock "0:02:00"]
[Board "25"]

1. e4 e6 2. d4 d5 3. e5 c5 4. c3 Qb6 5. Nf3 Bd7 6. Bd3 cxd4 7. O-O Nc6 8. h4 Nge7 9. h5 a6 10. a3 Rc8 11. b4 Nf5 12. Bb2 g6 13. Bxf5 gxf5 14. cxd4 a5 15. bxa5 Qxb2 0-1


[Site "https://www.chess.com"]

[Event "Titled Tuesday Blitz August 1 Late 2023"]
[White "Kula, Robert"]
[Black "Pichot, Alan"]
[WhiteFideId "1101218"]
[BlackFideId "110973"]
[WhiteElo "2262"]
[BlackElo "2834"]
[Result "0-1"]
[Round "4"]
[TimeControl "180+1"]
[Date "2023.08.01"]
[WhiteClock "0:00:04"]
[BlackClock "0:00:08"]
[Board "26"]

1. d4 Nf6 2. c4 g6 3. Nc3 Bg7 4. e4 d6 5. Be2 O-O 6. Bg5 Nbd7 7. Qd2 e5 8. d5 a5 9. h4 h5 10. f3 Nc5 11. Nh3 c6 12. Nf2 a4 13. Rd1 cxd5 14. Nxd5 Be6 15. Nxf6+ Bxf6 16. Bxf6 Qxf6 17. Qxd6 Rac8 18. Qd2 Rfd8 19. Qg5 Qxg5 20. hxg5 Na6 21. Rxd8+ Rxd8 22. Nd1 Nb4 23. Nc3 a3 24. b3 Kg7 25. g3 Rd7 26. f4 exf4 27. gxf4 Nd3+ 28. Bxd3 Rxd3 29. Nd5 Bg4 30. Rh2 Bf3 31. Nf6 Kf8 32. Rd2 Rxd2 33. Kxd2 Ke7 34. Nd5+ Kd6 35. Nc3 Kc5 36. Ke3 Bg2 37. f5 h4 38. fxg6 fxg6 39. Kf2 h3 40. e5 Kd4 41. Nb5+ Kxe5 42. Nxa3 Kf4 43. Nc2 Bc6 44. b4 h2 45. Ne3 h1=Q 46. Nd5+ Bxd5 47. cxd5 Qh2+ 48. Ke1 Ke3 49. Kf1 Qf2# 0-1


[Site "https://www.chess.com"]

[Event "Titled Tuesday Blitz August 1 Late 2023"]
[White "FuenfgegenWilly"]
[Black "Pranav, V"]
[BlackFideId "25060783"]
[WhiteElo "2440"]
[BlackElo "3011"]
[Result "0-1"]
[Round "4"]
[TimeControl "180+1"]
[Date "2023.08.01"]
[WhiteClock "0:00:43"]
[BlackClock "0:02:43"]
[Board "27"]

1. e4 c6 2. Nc3 d5 3. d4 dxe4 4. Nxe4 Nf6 5. Nxf6+ exf6 6. Bd3 Bd6 7. Ne2 O-O 8. c3 Nd7 9. Qc2 g6 10. O-O Re8 11. Bd2 f5 12. Rae1 Nf6 13. Bg5 Bxh2+ 14. Kh1 Bd6 15. Ng3 Be6 16. c4 h6 17. Bh4 Be7 18. Qc3 Ng4 19. Bxe7 Qxe7 0-1


[Site "https://www.chess.com"]

[Event "Titled Tuesday Blitz August 1 Late 2023"]
[White "Makarian, Rudik"]
[Black "Geivondian, Arman"]
[WhiteFideId "44105681"]
[BlackFideId "24102032"]
[WhiteElo "3005"]
[BlackElo "2558"]
[Result "1-0"]
[Round "4"]
[TimeControl "180+1"]
[Date "2023.08.01"]
[WhiteClock "0:01:22"]
[BlackClock "0:01:05"]
[Board "28"]

1. d4 Nf6 2. c4 e6 3. Nf3 Bb4+ 4. Bd2 Qe7 5. g3 O-O 6. Bg2 Bxd2+ 7. Qxd2 d6 8. O-O e5 9. Nc3 Nc6 10. d5 Nb8 11. Ne1 a5 12. Nd3 Na6 13. e4 Nd7 14. Rae1 Nac5 15. f4 Nxd3 16. Qxd3 Nc5 17. Qd2 exf4 18. gxf4 Qh4 19. f5 Qf6 20. Re3 b6 21. Nb5 Ba6 22. Nxc7 Rac8 23. Nxa6 Nxa6 24. b3 Nc5 25. Qc3 Qxc3 26. Rxc3 Rfe8 27. Re3 f6 28. Kf2 Re5 29. Rfe1 Rce8 30. Kf3 Kf7 31. h4 Rb8 32. Bf1 g6 33. fxg6+ hxg6 34. a3 Rh8 35. Kg3 g5 36. b4 gxh4+ 37. Kh2 Na6 38. c5 Nb8 39. c6 axb4 40. axb4 f5 41. b5 Kf6 42. Bh3 fxe4 43. c7 Rxd5 44. Rxe4 Rxb5 45. Re8 1-0


[Site "https://www.chess.com"]

[Event "Titled Tuesday Blitz August 1 Late 2023"]
[White "Grischuk, Alexander"]
[Black "Leebit02"]
[WhiteFideId "4126025"]
[WhiteElo "2996"]
[BlackElo "2555"]
[Result "1-0"]
[Round "4"]
[TimeControl "180+1"]
[Date "2023.08.01"]
[WhiteClock "0:01:14"]
[BlackClock "0:00:00"]
[Board "29"]

1. e4 c5 2. Nc3 e6 3. Nf3 Nc6 4. Bb5 Nd4 5. O-O a6 6. Bd3 Nc6 7. b3 g5 8. Bb2 Bg7 9. Na4 Bxb2 10. Nxb2 g4 11. Ne1 h5 12. a4 Nge7 13. Be2 d5 14. exd5 exd5 15. c3 Nf5 16. Nc2 Qd6 17. Nd3 Be6 18. b4 b6 19. bxc5 bxc5 20. Rb1 c4 21. Ndb4 Ne5 22. Ne3 Nh4 23. d3 Rg8 24. dxc4 Nef3+ 25. Bxf3 gxf3 26. g3 Ng2 27. Nbxd5 Kf8 28. Rb6 Qc5 29. Qd4 1-0


[Site "https://www.chess.com"]

[Event "Titled Tuesday Blitz August 1 Late 2023"]
[White "Martinez Alcantara, Jose Eduardo"]
[Black "Ambartsumova, Karina"]
[WhiteFideId "3805662"]
[BlackFideId "4166299"]
[WhiteElo "2973"]
[BlackElo "2555"]
[Result "1-0"]
[Round "4"]
[TimeControl "180+1"]
[Date "2023.08.01"]
[WhiteClock "0:00:36"]
[BlackClock "0:00:00"]
[Board "30"]

1. e4 e5 2. Nf3 Nc6 3. Nc3 Nf6 4. h3 d5 5. exd5 Nxd5 6. Bb5 Nxc3 7. bxc3 Bd6 8. O-O O-O 9. d4 exd4 10. cxd4 Qf6 11. Rb1 h6 12. Bd3 Nb4 13. Be4 c6 14. Bd2 Nd5 15. c4 Nf4 16. Rb3 Re8 17. Re1 Bd7 18. Qc2 Re7 19. Rxb7 Rae8 20. c5 Bb8 21. Ne5 Bxh3 22. Rxe7 Rxe7 23. Bxf4 Qxf4 24. gxh3 Bxe5 25. dxe5 Rxe5 26. Bh7+ Kf8 27. Rxe5 Qxe5 28. Be4 Qa1+ 29. Kg2 Qf6 30. Qd2 Kg8 31. Qe3 g6 32. Qxh6 Qd4 33. Qe3 Qf6 34. a4 Kg7 35. a5 Qe6 36. Qd4+ Kh7 37. Bf3 Qf6 38. Qxf6 1-0


[Site "https://www.chess.com"]

[Event "Titled Tuesday Blitz August 1 Late 2023"]
[White "Perez Ponsa, Federico"]
[Black "Shapiro, Viktor"]
[WhiteFideId "117927"]
[BlackFideId "4175700"]
[WhiteElo "2872"]
[BlackElo "2552"]
[Result "1-0"]
[Round "4"]
[TimeControl "180+1"]
[Date "2023.08.01"]
[WhiteClock "0:00:15"]
[BlackClock "0:00:08"]
[Board "31"]

1. e4 Nf6 2. e5 Nd5 3. d4 d6 4. Nf3 Bg4 5. Be2 e6 6. h3 Bh5 7. exd6 cxd6 8. c4 Nb6 9. Nc3 Be7 10. d5 e5 11. g4 Bg6 12. h4 h5 13. g5 N8d7 14. Be3 Rc8 15. b3 Nc5 16. Bxc5 Rxc5 17. Bd3 O-O 18. Bxg6 fxg6 19. Ne4 Rc8 20. Nfd2 Rf4 21. Qe2 Nd7 22. Rh3 Qa5 23. Kf1 Rcf8 24. Kg2 Nc5 25. f3 Nd7 26. a3 a6 27. b4 Qc7 28. Qd3 Kh7 29. c5 R8f5 30. Rc1 Bf8 31. c6 b5 32. cxd7 Qxc1 33. d8=Q Qd1 34. Rh1 Rg4+ 35. fxg4 Qxg4+ 36. Ng3 e4 37. Qxe4 Rf4 38. Qxf8 Rxe4 39. Nxe4 a5 40. Rc1 axb4 41. Nf6+ gxf6 42. Rc7+ 1-0


[Site "https://www.chess.com"]

[Event "Titled Tuesday Blitz August 1 Late 2023"]
[White "Santos Flores, Alberto"]
[Black "Moroni, Luca Jr"]
[WhiteFideId "3601234"]
[BlackFideId "865834"]
[WhiteElo "2552"]
[BlackElo "2858"]
[Result "1/2-1/2"]
[Round "4"]
[TimeControl "180+1"]
[Date "2023.08.01"]
[WhiteClock "0:00:07"]
[BlackClock "0:00:04"]
[Board "32"]

1. e4 e5 2. Nf3 Nc6 3. Bb5 a6 4. Ba4 Nge7 5. O-O g6 6. c3 Bg7 7. d3 O-O 8. Re1 h6 9. Nbd2 Kh7 10. Nf1 d5 11. Ng3 dxe4 12. dxe4 Bg4 13. h3 Qxd1 14. Bxd1 Bxf3 15. Bxf3 Rfd8 16. Be3 Rd7 17. Rad1 Rad8 18. Rxd7 Rxd7 19. Rd1 Rxd1+ 20. Bxd1 Nc8 21. Bc5 Kg8 22. Bb3 Bf8 23. Be3 Kg7 24. Bd5 N8e7 25. Bb3 b6 26. Kf1 Na5 27. Bc2 Nc8 28. b3 Nb7 29. b4 a5 30. a3 axb4 31. axb4 Ncd6 32. Bd3 Nd8 33. Ke1 Ne6 34. Nf1 Be7 35. g3 Bg5 36. h4 Bxe3 37. Nxe3 g5 38. Nf5+ Nxf5 39. exf5 Nf8 40. hxg5 hxg5 41. Kd2 Kf6 42. g4 Ke7 43. Ke3 Kd6 44. Be4 Nd7 45. f3 Nf6 46. Kd3 b5 47. Ke3 c5 48. Kd3 Nd5 49. bxc5+ Kxc5 50. Bxd5 Kxd5 51. Ke3 Kc4 52. Kd2 Kb3 53. Kd3 f6 54. Kd2 Kb2 55. Kd3 Kb3 56. Kd2 Kc4 57. Kc2 b4 58. cxb4 Kxb4 59. Kd3 Kb3 60. Ke3 Kc3 61. Ke4 Kc4 62. Ke3 Kc3 63. Ke4 Kd2 64. Kd5 Ke3 65. Ke6 Kxf3 66. Kxf6 e4 67. Kxg5 e3 68. f6 e2 69. f7 e1=Q 70. f8=Q+ Kg3 71. Qb8+ Kh3 72. Qf4 Qe7+ 73. Qf6 Qc5+ 74. Kg6 Qc2+ 75. Qf5 Qc6+ 76. Kg5 Qc1+ 77. Kf6 Qc3+ 78. Kg6 Qc6+ 79. Kg7 Qc7+ 80. Kf6 Qd8+ 81. Ke5 Qe7+ 82. Kf4 Qd6+ 83. Qe5 Qb4+ 84. Kf5 Qf8+ 85. Qf6 Qc8+ 86. Qe6 Qc5+ 87. Qe5 Qc2+ 88. Qe4 Qc8+ 89. Kf6 Qd8+ 90. Kf5 Qc8+ 91. Kf6 Qf8+ 92. Ke5 Kh4 93. Qf5 Qe7+ 94. Kf4 Qd6+ 95. Ke4 Qc6+ 96. Kf4 Qc4+ 97. Ke5 Qc5+ 98. Ke4 Qc2+ 99. Ke5 Qe2+ 100. Qe4 Qb5+ 101. Ke6 Qe8+ 102. Kd5 Qd7+ 103. Ke5 Qe7+ 104. Kd5 Qf7+ 105. Ke5 Qg7+ 106. Kd5 Qg8+ 107. Ke5 Qd8 108. Qf5 Qc7+ 109. Ke4 Qc4+ 110. Ke5 Qc3+ 111. Ke4 Kg3 112. Kd5 Qb3+ 113. Ke5 Qb8+ 114. Kd5 Qa8+ 115. Ke6 Qc6+ 116. Ke5 Qc3+ 117. Ke6 Qc4+ 118. Ke5 Qe2+ 119. Kd6 Qd2+ 120. Ke6 1/2-1/2


[Site "https://www.chess.com"]

[Event "Titled Tuesday Blitz August 1 Late 2023"]
[White "Kochiev, Ivan"]
[Black "Hansen, Eric"]
[WhiteFideId "2917890"]
[BlackFideId "2606771"]
[WhiteElo "2551"]
[BlackElo "2848"]
[Result "0-1"]
[Round "4"]
[TimeControl "180+1"]
[Date "2023.08.01"]
[WhiteClock "0:01:53"]
[BlackClock "0:02:50"]
[Board "33"]

1. e4 d6 2. Nf3 Nf6 3. Nc3 e5 4. d4 Nbd7 5. Bc4 Be7 6. a4 O-O 7. O-O c6 8. Re1 b6 9. h3 a6 10. Be3 Bb7 11. dxe5 dxe5 12. Nh2 b5 13. Bd3 Nc5 14. Bxc5 Bxc5 15. Ng4 Qe7 16. Qf3 Nxg4 17. Qxg4 Rfd8 18. Rad1 Bd4 19. axb5 axb5 20. Ra1 g6 21. Kh1 Qb4 22. f4 Rxa1 23. Rxa1 Qxb2 0-1


[Site "https://www.chess.com"]

[Event "Titled Tuesday Blitz August 1 Late 2023"]
[White "Keleberda, Tymur"]
[Black "Zierk, Steven"]
[WhiteFideId "14174294"]
[BlackFideId "2034255"]
[WhiteElo "2547"]
[BlackElo "2835"]
[Result "0-1"]
[Round "4"]
[TimeControl "180+1"]
[Date "2023.08.01"]
[WhiteClock "0:00:18"]
[BlackClock "0:00:26"]
[Board "34"]

1. e4 e6 2. d4 d5 3. Nc3 Bb4 4. e5 c5 5. a3 Bxc3+ 6. bxc3 Qa5 7. Bd2 Qa4 8. Qg4 Kf8 9. Nf3 Qxc2 10. dxc5 Nd7 11. Bb5 Qe4+ 12. Qxe4 dxe4 13. Bxd7 exf3 14. Bxc8 fxg2 15. Rg1 Rxc8 16. Be3 Ne7 17. Rxg2 Nf5 18. Bd4 Ke7 19. Rb1 Rc7 20. Rb4 Kd7 21. Rg4 Kc6 22. Ke2 h5 23. Rg1 h4 24. h3 g6 25. Kf3 Rd8 26. Ke4 Kd7 27. Rgb1 Kc8 28. Ra4 a6 29. Rab4 Ne7 30. Rb6 Nc6 31. Rd1 Rcd7 32. Rd3 f5+ 33. Kf4 g5+ 34. Kxg5 Rg8+ 35. Kf4 Rg1 36. Rb2 Re1 37. Rbd2 Ne7 38. c4 Ng6+ 39. Kg5 Rg1+ 40. Kf6 Nf8 41. Rg3 hxg3 42. fxg3 Rxg3 43. c6 Rg6# 0-1


[Site "https://www.chess.com"]

[Event "Titled Tuesday Blitz August 1 Late 2023"]
[White "Grinev, Valeriy"]
[Black "Grigorov, Grigor"]
[WhiteFideId "14117517"]
[BlackFideId "2907313"]
[WhiteElo "2543"]
[BlackElo "2780"]
[Result "0-1"]
[Round "4"]
[TimeControl "180+1"]
[Date "2023.08.01"]
[WhiteClock "0:01:24"]
[BlackClock "0:01:26"]
[Board "35"]

1. Nf3 Nf6 2. c4 b6 3. Nc3 Bb7 4. d4 e6 5. g3 Be7 6. Bg2 Ne4 7. Nxe4 Bxe4 8. O-O O-O 9. Bf4 d6 10. b3 Nd7 11. Bc1 c5 12. Bb2 Qc7 13. e3 Nf6 14. Qd2 Qb7 15. Ne1 Bxg2 16. Nxg2 cxd4 17. Qxd4 Rfd8 18. Rfd1 Rac8 19. Rac1 a6 20. a4 Bf8 21. h4 Ne4 22. h5 Ng5 23. Nh4 Nh3+ 24. Kf1 h6 25. Qg4 Ng5 26. f4 Qh1+ 27. Kf2 Ne4+ 28. Ke2 Qh2+ 29. Kf3 Qxb2 30. f5 Ng5+ 31. Kf4 e5# 0-1


[Site "https://www.chess.com"]

[Event "Titled Tuesday Blitz August 1 Late 2023"]
[White "Dobrikov, Marco"]
[Black "Nazari, Arad"]
[WhiteFideId "12950378"]
[BlackFideId "12577324"]
[WhiteElo "2542"]
[BlackElo "2772"]
[Result "1-0"]
[Round "4"]
[TimeControl "180+1"]
[Date "2023.08.01"]
[WhiteClock "0:02:10"]
[BlackClock "0:00:22"]
[Board "36"]

1. d4 Nf6 2. Bf4 e6 3. e3 c5 4. c3 cxd4 5. exd4 Be7 6. Bd3 O-O 7. Nd2 d6 8. Ngf3 b6 9. Qc2 Bb7 10. O-O-O Nbd7 11. Kb1 a6 12. Rhg1 b5 13. g4 b4 14. c4 g6 15. h4 Rc8 16. h5 Kg7 17. hxg6 hxg6 18. Bh6+ Kxh6 19. g5+ Kg7 20. gxf6+ Kxf6 21. Bxg6 Rg8 22. Ne4+ Bxe4 23. Bxe4 Qa5 24. Qd2 Qh5 25. Qf4+ 1-0


[Site "https://www.chess.com"]

[Event "Titled Tuesday Blitz August 1 Late 2023"]
[White "Mladek, Richard"]
[Black "Kushko, Dmitriy"]
[WhiteFideId "386588"]
[BlackFideId "14162261"]
[WhiteElo "2541"]
[BlackElo "2771"]
[Result "0-1"]
[Round "4"]
[TimeControl "180+1"]
[Date "2023.08.01"]
[WhiteClock "0:00:00"]
[BlackClock "0:00:04"]
[Board "37"]

1. Nf3 g6 2. e4 Bg7 3. d4 d6 4. Nc3 Nf6 5. Be2 O-O 6. O-O a6 7. a4 Nc6 8. a5 Re8 9. d5 Ne5 10. Nxe5 dxe5 11. Qd3 e6 12. Qc4 exd5 13. exd5 Bf5 14. Be3 Bxc2 15. Rac1 Bf5 16. g4 Bd7 17. g5 Nh5 18. Qh4 Nf4 19. Bc4 h6 20. Ne4 Bb5 21. Nf6+ Bxf6 22. gxf6 Bxc4 23. Bxf4 exf4 24. Rxc4 Re5 25. Rxf4 Qf8 26. Rd1 Rd8 27. Rfd4 Kh7 28. Kh1 Qd6 29. R4d3 Rf5 30. Rh3 Rh5 31. Qg4 Rxh3 32. Qxh3 Qxf6 33. Qg3 Rd6 34. b4 Qf5 35. Kg1 h5 36. Rd3 Kg7 37. h3 Qf6 38. Rf3 Qd4 39. Rd3 Qe4 40. Re3 Qxd5 41. Kh2 Qf5 42. Re5 Qf6 43. Qe3 Re6 44. f4 Rxe5 45. fxe5 Qe6 46. Qd4 Kh7 47. Qc3 c6 48. Kg3 Qd5 49. Qe3 Kg7 50. Qf4 Kf8 51. Qf6 Qe6 52. Qh8+ Ke7 53. Kf2 Qf5+ 54. Ke3 Qe6 55. Kd4 Qd5+ 56. Ke3 Kd7 57. h4 Qb5 58. Qf8 Ke6 59. Qd6+ Kf5 60. Qf6+ Kg4 61. Qf4+ Kh3 62. Kf2 Qd3 63. Qxf7 Qd4+ 64. Kf3 Qxe5 65. Qxg6 Qc3+ 66. Kf4 Qd4+ 67. Kf3 Qg4+ 68. Qxg4+ hxg4+ 69. Kf4 Kxh4 0-1


[Site "https://www.chess.com"]